 Dungeon Crawl Stone Soup version 0.29-a0-775-g4d7333d4e2 (webtiles) character file.

Game seed: 4859854000512087484

40 zeratav the Ruffian (level 3, -3/36 HPs)
             Began as a Troll Fighter on July 1, 2022.
             Slain by a goblin
             ... wielding a +0 club
             ... led by Robin
              (6 damage)
             ... on level 2 of the Dungeon.
             The game lasted 00:01:05 (734 turns).

zeratav the Ruffian (Troll Fighter)                  Turns: 734, Time: 00:01:07

Health: -3/36      AC:  4    Str: 26    XL:     3   Next: 30%
Magic:  2/2        EV:  8    Int:  4    God:
Gold:   24         SH:  7    Dex:  9    Spells: 2/2 levels left

rFire   . . .      SeeInvis .     - Unarmed
rCold   . . .      Faith    .   b - +0 kite shield
rNeg    . . .      Spirit   .   a - +0 robe
rPois   .          Reflect  .   (helmet restricted)
rElec   .          Harm     .   (no cloak)
rCorr   .          Rampage  .   (gloves unavailable)
Will    .....                   (boots unavailable)
Stlth   +.........              (no amulet)
HPRegen 0.92/turn               (no ring)
MPRegen 0.08/turn               (no ring)

@: no status effects
A: large, unfitting armour, claws 3, regeneration 1, shaggy fur 1, tough skin 1
a: no special abilities


You were on level 2 of the Dungeon.
You visited 1 branch of the dungeon, and saw 2 of its levels.

You collected 48 gold pieces.
You spent 24 gold pieces at shops.


Innate Abilities, Weirdness & Mutations

You are too large for most types of armour.
You have claws for hands.
Your natural rate of healing is unusually fast.
You are covered in fur. (AC +1)
You have tough skin. (AC +1)


   Skills:
 + Level 2.6 Fighting
 + Level 0.6 Throwing
 - Level 2.4 Dodging
 + Level 2.9 Shields
 + Level 3.1 Unarmed Combat


You had 2 spell levels left.
You didn't know any spells.
Your spell library was empty.

Inventory:

Hand Weapons
 f - a +0 hand axe {axe}
   (You found it on level 1 of the Dungeon)
Armour
 a - a +0 robe (worn)
 b - a +0 kite shield (worn)
Jewellery
 i - an amulet of faith {!P}
   (You found it on level 1 of the Dungeon)
Scrolls
 d - a scroll of torment {unknown}
 g - 2 scrolls of identify {@r1}
 h - a scroll of amnesia {unknown}
Potions
 c - a potion of might
 e - 2 potions of attraction {unknown}

Dungeon Overview and Level Annotations

Branches:
Dungeon (2/15) Zot: 11259

Altars:
Sif Muna

Shops:
D:1 ?

Annotations:
D:2 Robin

#....## ## #...... #..
#...... #.# #..._..
#.##########.
......#####............
... ...##..##........
#.####)###.##..##........
#......B@..........#
....$..ggg.....##..#
#.##.#.....##.###..# #
########.###.<###
#....>.......
####...###### #...# #...#
#...#


You could see Robin, a giant cockroach and 2 goblins.


Message History

The goblin hits you with a +0 dagger. x2
* * * LOW HITPOINT WARNING * * *
You block the goblin's attack. The goblin hits you but does no damage.
You block the giant cockroach's attack. The goblin hits you with a +0 club.
* * * LOW HITPOINT WARNING * * *
The goblin hits you with a +0 dagger.
* * * LOW HITPOINT WARNING * * *
The goblin closely misses you. You block the goblin's attack.
The goblin barely misses you.
You are too injured to fight recklessly!
You are too injured to fight recklessly!
You are too injured to fight recklessly!
You are too injured to fight recklessly!
You are too injured to fight recklessly!
You are too injured to fight recklessly!
You are too injured to fight recklessly!
You are too injured to fight recklessly!
You are too injured to fight recklessly!
You are too injured to fight recklessly!
You are too injured to fight recklessly!
You are too injured to fight recklessly!
You are too injured to fight recklessly!
You are too injured to fight recklessly!
HP[-22]
You take 22 damage, and now have 14/36 hp.
MASSIVE DAMAGE!! (PAUSE)
You are too injured to fight recklessly!
You are too injured to fight recklessly!
You are too injured to fight recklessly!
You are too injured to fight recklessly!
You are too injured to fight recklessly!
You are too injured to fight recklessly!
You are too injured to fight recklessly!
You are too injured to fight recklessly!
You are too injured to fight recklessly!
You are too injured to fight recklessly!
You are too injured to fight recklessly!
You barely miss the goblin.
The goblin no longer looks unusually strong. x2
The giant cockroach closely misses you. The giant cockroach barely misses you.
You block the goblin's attack. x2; The goblin closely misses you.
The goblin barely misses you.
Robin says, "Feeling lonely?"
You block the goblin's attack.
HP[+1]
You claw the goblin!
You kill the goblin!
The goblin no longer looks unusually strong.
The giant cockroach bites you but does no damage.
The goblin hits you but does no damage. The goblin barely misses you.
The goblin hits you with a +0 club.
* * * LOW HITPOINT WARNING * * *
You block the goblin's attack.
HP[-2]
You take 2 damage, and now have 13/36 hp.
The goblin attacks as you move away! The goblin hits you with a +0 club.
* * * LOW HITPOINT WARNING * * *
The goblin no longer looks unusually strong.
The goblin hits you with a +0 club.
* * * LOW HITPOINT WARNING * * *
The goblin hits you but does no damage.
Things that are here:
a +0 dagger {short}; a goblin corpse; HP[-6]
You take 6 damage, and now have 7/36 hp.
You closely miss the goblin. You block the giant cockroach's attack.
Robin throws the goblin at you! The goblin closely misses you.
You block the goblin's attack. The goblin hits you but does no damage.
The giant cockroach completely misses you.
HP[+1]
You claw the goblin!
You kill the goblin!
You block the giant cockroach's attack. The goblin hits you but does no damage.
HP[+1]
You claw the goblin!
You kill the goblin!
The goblin no longer looks unusually strong.
You block the giant cockroach's attack. Robin throws the goblin at you!
* * * LOW HITPOINT WARNING * * *
The goblin hits you but does no damage. The goblin closely misses you.
HP[-2]
You take 2 damage, and now have 7/36 hp.
You scratch the goblin. The giant cockroach bites you.
* * * LOW HITPOINT WARNING * * *
The goblin hits you with a +0 club.
* * * LOW HITPOINT WARNING * * *
You block the goblin's attack.
Robin roars a battlecry!
The goblins go into a battle-frenzy!
The giant cockroach waves its antennae.
The giant cockroach completely misses you.
HP[-3]
You take 3 damage, and now have 4/36 hp.
You barely miss the goblin. The goblin hits you with a +0 club.
* * * LOW HITPOINT WARNING * * *
The goblin barely misses you. You block the giant cockroach's attack.
HP[-2]
You take 2 damage, and now have 2/36 hp.
You barely miss the goblin. You block the goblin's attack.
The goblin hits you with a +0 club.
You die...

Skill      XL: |  1  2 |
---------------+-------+-----
Unarmed Combat | 3 |  3.1
Fighting       | |  2.6
Throwing       | |  0.6
Dodging        | |  2.4
Shields        | |  2.9

Action                   || total
-------------------------++-------
Melee: Unarmed           ||    67
Armor: Robe              ||    44
Dodge: Dodged            ||    42
Block: Kite shield       ||    36

Levels and vault maps discovered:
D:1:      dpeg_arrival_rhombus, layout_basic, serial_shops,
          nicolae_shop_hallway_stairs, chequers_ecumenical_altar_lobes
D:2:      minmay_angry_zag, layout_loops_ring, basic_altar, kennysheep_donut,
          uniq_robin

Notes
Turn   | Place    | Note
-------+----------+-------------------------------------------
     0 | D:1      | zeratav the Troll Fighter began the quest for the Orb.
     0 | D:1      | Reached XP level 1. HP: 22/22 MP: 0/0
     0 | D:1      | magus.rc [v1.9.6]
    70 | D:1      | Found Odurr's Magic Scroll Shop.
   140 | D:1      | Reached XP level 2. HP: 16/29 MP: 1/1
   222 | D:1      | Reached skill level 3 in Unarmed Combat
   591 | D:1      | Found a faded altar of an unknown god.
   594 | D:1      | Reached XP level 3. HP: 36/36 MP: 2/2
   683 | D:1      | Bought a scroll of identify for 24 gold pieces
   706 | D:2      | Noticed Robin
   707 | D:2      | Found a shimmering blue altar of Sif Muna.
   728 | D:2      | HP: 7/36 [goblin/+0 club[Robin] (6)]
   733 | D:2      | HP: 2/36 [goblin/+0 club[Robin] (3)]
   734 | D:2      | Slain by a goblin

Vanquished Creatures
  A gnoll (D:1)
  2 ball pythons (D:1)
  2 endoplasms (D:1)
  9 goblins
  3 hobgoblins (D:2)
  2 kobolds (D:1)
  2 quokkas (D:1)
  3 bats
  A frilled lizard (D:1)
  2 rats (D:1)
27 creatures vanquished.

Table legend:
 A = Non-vault XP
 B = Vault XP
 C = Vault XP percentage of total XP
 D = Non-vault monster count
 E = Vault monster count
 F = Vault count percentage of total count
                 A         B        C        D         E       F
            +---------+---------+-------+---------+---------+-------
      Total |      42 |      16 |  27.6 |      19 |       8 |  29.6
            +---------+---------+-------+---------+---------+-------
        D:1 |      41 |       0 |   0.0 |      18 |       0 |   0.0
        D:2 |       1 |      16 |  94.1 |       1 |       8 |  88.9
            +---------+---------+-------+---------+---------+-------

Illustrated notes

Table legend:
 A = Kills in this place as a percentage of kills in entire the game.
 B = Kills by you in this place as a percentage of kills by you in the entire game.
 C = Kills by friends in this place as a percentage of kills by friends in the entire game.
 D = Other kills in this place as a percentage of other kills in the entire game.
 E = Experience gained in this place as a percentage of experience gained in the entire game.
 F = Experience gained in this place divided by the number of levels of this place that you have seen.
                   A       B       C       D       E      F
               +-------+-------+-------+-------+-------+----------------------
         Total | 100.0 | 100.0 |   N/A |   N/A | 100.0 |  29.0
       Dungeon | 100.0 | 100.0 |   N/A |   N/A | 100.0 |  29.0
               +-------+-------+-------+-------+-------+----------------------

Table legend: (Time is in decaauts)
 A = Elapsed time spent in this place.
 B = Non-inter-level travel time spent in this place.
 C = Inter-level travel time spent in this place.
 D = Time resting spent in this place.
 E = Time spent auto-exploring this place.
 F = Levels seen in this place.
 G = Mean time per level.
                   A        B        C        D        E       F      G
               +--------+--------+--------+--------+--------+-----+--------+
         Total |    739 |    714 |     25 |      0 |    579 |   2 |  369.5 |
       Dungeon |    739 |    714 |     25 |      0 |    579 |   2 |  369.5 |
               +--------+--------+--------+--------+--------+-----+--------+

Top non-repeatable levels by time:
     D:1: 691 daAuts
     D:2: 48 daAuts
